 Dungeon Crawl Stone Soup version 0.25-a0-460-g4f2eb97ec1 (webtiles) character file.

Game seed: 11230142825683222988, levelgen mode: deterministic

111 Nattfarinn the Sneak (level 4, -3/27 HPs)
             Began as a Vampire Assassin on Feb 3, 2020.
             Slain by an orc
             ... wielding a +0 club
              (7 damage)
             ... on level 4 of the Dungeon.
             The game lasted 00:02:58 (2020 turns).

Nattfarinn the Sneak (Vampire Assassin)             Turns: 2020, Time: 00:02:58

Health: -3/27      AC:  4    Str: 15    XL:     4   Next: 62%
Magic:  4/4        EV: 17    Int: 13    God:
Gold:   81         SH:  0    Dex: 16    Spells: 3/3 levels left

rFire    . . .     SeeInvis +   a - +2 dagger
rCold    + + .     Gourm    .   (no shield)
rNeg     + + +     Faith    .   b - +0 robe
rPois    ∞         Spirit   .   m - +0 helmet
rElec    .         Reflect  .   c - +0 cloak
rCorr    .         Harm     .   (no gloves)
MR       .....                  (no boots)
Stlth    +++++.....             (no amulet)
HPRegen  0.00/turn              f - +4 ring of evasion
MPRegen  0.09/turn              (no ring)

@: mighty, bloodless
A: no food, fangs 3, see invisible, unbreathing
a: Bat Form, Revivify


You were on level 4 of the Dungeon.
You were bloodless.

You visited 1 branch of the dungeon, and saw 4 of its levels.

You collected 81 gold pieces.

Inventory:

Hand Weapons
 a - a +2 dagger (weapon)
Missiles
 d - 8 poisoned darts (quivered)
 e - 2 curare-tipped darts
Armour
 b - a +0 robe (worn)
 c - a +0 cloak (worn)
 m - a +0 helmet (worn)
Jewellery
 f - a +4 ring of evasion (left hand)
Wands
 n - a wand of polymorph (9)
Scrolls
 g - 2 scrolls of enchant armour {unknown}
 h - a scroll of fear {unknown}
 j - 3 scrolls of identify {unknown}
 k - 2 scrolls of remove curse {unknown}
Potions
 i - a potion of might
 l - 2 potions of resistance {unknown}
 o - a potion of ambrosia {unknown}


   Skills:
 + Level 2.5 Fighting
 + Level 3.0 Short Blades
 + Level 2.2 Throwing
 + Level 2.3 Dodging
 + Level 6.6 Stealth


You had 3 spell levels left.
You didn't know any spells.
Your spell library was empty.

Dungeon Overview and Level Annotations

Branches:
Dungeon (4/15)
 Temple: D:4-7

Altars:
Qazlal
The Shining One

Annotations:
D:4 Blork the orc


Innate Abilities, Weirdness & Mutations

You do not eat.
You do not regenerate when monsters are visible.
You are frail without blood (-20% HP).
You can heal yourself when you bite living creatures.
You are immune to poison.
You have razor-sharp teeth.
You have supernaturally acute eyesight. (SInv)
You can survive without breathing.


Message History

The worm is severely wounded.
The worm bites you.
* * * LOW HITPOINT WARNING * * *
You hit the worm.
The worm is almost dead.
You hit the worm.
You kill the worm!
You hit the orc.
The orc is moderately wounded.
The orc barely misses you.
You barely miss the orc. Your bite misses the orc.
The orc is moderately wounded.
The orc misses you.
It was a potion of might.
You feel very mighty all of a sudden. The orc barely misses you.
You puncture the orc!
You kill the orc!
You closely miss the orc. The orc hits you with a +0 club!
You die...

##.........>.
#.........)#
#..........# ###
#...(......#
#.###..........#
#<.##........?.#
##..##?.......##
##.###o.....##
#..@oa##.###
#####.# .# #.#
.) #.# #.. #.#
### #.# #.# #.#
#.#


You could see a worker ant and 2 orcs.

Vanquished Creatures
  An orc wizard (D:4)
  4 adders
  A worm (D:4)
  2 dart slugs
  A leopard gecko (D:2)
  An orc (D:4)
  3 giant cockroaches
  4 goblins
  7 hobgoblins
  A jackal (D:2)
  7 bats
  2 frilled lizards
  2 kobolds (D:3)
  5 rats
41 creatures vanquished.

Notes
Turn   | Place    | Note
-------+----------+-------------------------------------------
     0 | D:1      | Nattfarinn the Vampire Assassin began the quest for the
                  | Orb.
     0 | D:1      | Reached XP level 1. HP: 16/16 MP: 1/1
   291 | D:1      | Reached skill level 6 in Stealth
   314 | D:1      | Reached XP level 2. HP: 15/17 MP: 2/2
  1091 | D:2      | Reached XP level 3. HP: 21/21 MP: 3/3
  1111 | D:2      | Found a stormy altar of Qazlal.
  1335 | D:2      | Found a glowing golden altar of the Shining One.
  1599 | D:3      | Reached XP level 4. HP: 27/27 MP: 4/4
  1985 | D:4      | Noticed Blork the orc
  2020 | D:4      | Slain by an orc

Levels and vault maps discovered:
D:1:      minmay_arrival_doors, layout_basic
D:2:      layout_rooms, nicolae_qazlal_general_emergency, marbit_many_paths
D:3:      layout_rooms, kennysheep_another_room
D:4:      layout_rooms, hellmonk_ghost_happy_afterlife, bloody_trog,
          uniq_blork_the_orc

Skill      XL: |  1  2  3  4 |
---------------+-------------+-----
Stealth        | 6 |  6.6
Fighting       | 2 |  2.5
Throwing       | 2 |  2.2
Dodging        | 2 |  2.3
Short Blades   | 3 |  3.0

Action                   |  1- 3 |  4- 6 || total
-------------------------+-------+-------++-------
Melee: Dagger            |    54 |    48 ||   102
       Bite              |     5 |     4 ||     9
 Abil: Exsanguinate      |     1 |       ||     1
  Use: Potion            |       |     1 ||     1
 Stab: Sleeping          |    17 |     1 ||    18
       Distracted        |       |     1 ||     1
Armor: Robe              |     8 |    10 ||    18
Dodge: Dodged            |    29 |    28 ||    57

Table legend:
 A = Non-vault XP
 B = Vault XP
 C = Vault XP percentage of total XP
 D = Non-vault monster count
 E = Vault monster count
 F = Vault count percentage of total count
                 A         B        C        D         E       F
            +---------+---------+-------+---------+---------+-------
      Total |     157 |       2 |   1.3 |      40 |       1 |   2.4
            +---------+---------+-------+---------+---------+-------
        D:1 |      23 |       0 |   0.0 |      14 |       0 |   0.0
        D:2 |      38 |       2 |   5.0 |       6 |       1 |  14.3
        D:3 |      49 |       0 |   0.0 |      16 |       0 |   0.0
        D:4 |      47 |       0 |   0.0 |       4 |       0 |   0.0
            +---------+---------+-------+---------+---------+-------
